 Dungeon Crawl Stone Soup version 0.29.1-4-g47bece8355 (webtiles) character file.

Game seed: 14104974169760736625

21 mester the Caller (level 2, 0/15 HPs)
             Began as a Tengu Summoner on Dec 1, 2022.
             Killed from afar by Sigmund (5 damage)
             ... with a puff of flame
             ... on level 2 of the Dungeon.
             The game lasted 00:07:09 (1071 turns).

mester the Caller (Tengu Summoner)                  Turns: 1071, Time: 00:07:10

Health: 0/15       AC:  2    Str:  8    XL:     2   Next: 83%
Magic:  3/6        EV: 12    Int: 15    God:
Gold:   91         SH:  0    Dex: 14    Spells: 4/5 levels left

rFire   . . .      SeeInvis .   i - +1 short sword (venom)
rCold   . . .      Faith    .   (no shield)
rNeg    . . .      Spirit   .   a - +0 robe
rPois   .          Reflect  .   (helmet restricted)
rElec   .          Harm     .   (no cloak)
rCorr   .          Rampage  .   (no gloves)
Will    .....                   (boots unavailable)
Stlth   ++........              (no amulet)
HPRegen 0.05/turn               (no ring)
MPRegen 0.10/turn               (no ring)

@: no status effects
A: beak, talons 3
a: no special abilities


You were on level 2 of the Dungeon.
You visited 1 branch of the dungeon, and saw 2 of its levels.

You collected 91 gold pieces.

Inventory:

Hand Weapons
 e - a +0 club
 f - a +0 dagger
 i - a +1 short sword of venom (weapon)
 r - a +0 hand axe
Missiles
 c - 4 stones (quivered)
 k - 2 poisoned darts
Armour
 a - a +0 robe (worn)
 j - a +0 robe
 t - a +0 ring mail
Jewellery
 g - an amulet of magic regeneration
 o - a ring of poison resistance
Scrolls
 d - a scroll of magic mapping {unknown}
 h - a scroll of vulnerability {unknown}
 l - a scroll of torment {unknown}
 m - 3 scrolls of identify {unknown}
Potions
 b - a potion of magic
 n - a potion of flight {unknown}
 p - 2 potions of lignification {unknown}
 q - a potion of curing {unknown}
 s - a potion of heal wounds {unknown}


   Skills:
 + Level 2.4 Dodging
 + Level 2.1 Stealth
 + Level 2.3 Spellcasting
 + Level 5.3 Summonings


You had 4 spell levels left.
You knew the following spells:

 Your Spells              Type           Power      Damage    Failure   Level
a - Summon Small Mammal   Summ           68%        N/A       2%          1

Your spell library contained the following spells:

 Spells                   Type           Power      Damage    Failure   Level
 Call Imp                 Summ           17%        N/A       3%          2
 Call Canine Familiar     Summ           17%        N/A       7%          3
 Summon Guardian Golem    Hex/Summ       9%         N/A       22%         3
 Summon Lightning Spire   Summ/Air       9%         N/A       56%         4


Dungeon Overview and Level Annotations

Branches:
Dungeon (2/15)

Altars:

Annotations:
D:2 Sigmund


Innate Abilities, Weirdness & Mutations

You have a beak for a mouth.
You have claws for feet.


Message History

Your rat's corpse disappears in a puff of smoke!
Casting: Summon Small Mammal (safe; 2% risk of failure)
Confirm with . or Enter, or press ? or * to list all spells.
Sigmund hits your bat with a +0 scythe.
Your bat hits Sigmund but does no damage.
Your bat closely misses Sigmund.
Your bat barely misses Sigmund.
Your bat hits Sigmund but does no damage.
Your bat hits Sigmund.
Sigmund laughs darkly.
Your bat hits Sigmund but does no damage.
Your bat hits Sigmund but does no damage.
Sigmund gestures at you while chanting. The puff of flame hits your rat.
Your rat dies!
Your rat's corpse disappears in a puff of smoke!
Casting: Summon Small Mammal (safe; 2% risk of failure)
Confirm with . or Enter, or press ? or * to list all spells.
Your bat closely misses Sigmund.
Your bat disappears in a puff of smoke!
Sigmund mumbles some strange words.
Sigmund flickers and vanishes!
Deactivating autopickup; reactivate with Ctrl-A.
Autopickup is now on.
Found a leather armour.
Found a bubbling puce potion and 13 gold pieces.
Casting: Summon Small Mammal (safe; 2% risk of failure)
Confirm with . or Enter, or press ? or * to list all spells.
You swap places.
A puff of flame appears from out of thin air!
The puff of flame misses your quokka.
Deactivating autopickup; reactivate with Ctrl-A.
The puff of flame hits you!
Ouch! That really hurt!
Something hits your rat.
Your rat dies!
Your rat's corpse disappears in a puff of smoke!
A puff of flame appears from out of thin air!
The puff of flame misses your quokka. The puff of flame hits you.
You die...

.....!..##..##..........
.............#..........
#............#..........
#.......{...............
#.......#....#..........
#######.#....#..........
#.#.#..#######.###
#r#....# #.# #@#......
#.# #.####...# ### #..
..... ####


You could see a friendly quokka (summoned).

Vanquished Creatures
  2 ball pythons (D:1)
  2 bats (D:1)
4 creatures vanquished.

Vanquished Creatures (collateral kills)
  A dart slug (D:1)
  2 ball pythons (D:1)
  3 bats (D:1)
  An endoplasm (D:1)
  A giant cockroach (D:1)
  2 goblins (D:1)
  A quokka (D:1)
  A frilled lizard (D:1)
  A kobold (D:1)
  A rat (D:1)
14 creatures vanquished.

Grand Total: 18 creatures vanquished

Notes
Turn   | Place    | Note
-------+----------+-------------------------------------------
     0 | D:1      | mester the Tengu Summoner began the quest for the Orb.
     0 | D:1      | Reached XP level 1. HP: 10/10 MP: 4/4
    40 | D:1      | Reached skill level 5 in Summonings
   170 | D:1      | Reached XP level 2. HP: 15/15 MP: 6/6
  1032 | D:2      | Noticed Sigmund
  1071 | D:2      | Killed from afar by Sigmund

Illustrated notes

Levels and vault maps discovered:
D:1:      dpeg_arrival_stonehenge_12_columns, layout_loops_ring
D:2:      layout_basic, dreamdust_ecumenical_altar_sealed_demon,
          nicolae_elevator_lobby_asterisk, uniq_jessica, uniq_robin,
          uniq_sigmund

Skill      XL: |  1 |
---------------+----+-----
Summonings     | 5 |  5.3
Dodging        | |  2.4
Stealth        | |  2.1
Spellcasting   | |  2.3

Action                   || total
-------------------------++-------
Melee: Club              ||    12
       Kick              ||     1
       Short sword       ||     6
       Peck              ||     1
Throw: Stone             ||     4
 Cast: Summon Small Mamm ||    23
Armor: Robe              ||    20
Dodge: Dodged            ||    39
